Map: Acropolis LE

Players

pHARM - Winner!

  • Race: Zerg Zerg
  • League: Platinum
  • Spawn Location: 5:00

YERICOS

  • Race: Terran Terran
  • Spawn Location: 11:00

VOD

Have the link to the VOD?

Description

Time

  • Played on: Sept. 1, 2019, 4:45 p.m.
  • Length: 22:42
Show
View Real Time Build Order
Export as new Build Order

pHARM Zerg - Winner!

Build Orders: Hatch First 

Get SALT Encoding   

  12  0:01  Drone  
  13  0:12  Overlord  
  13  0:22  Drone  
  14  0:32  Drone x2  
  16  0:56  Drone  
  18  0:57  Drone  
  18  0:58  Hatchery  
  18  1:02  Drone  
  18  1:11  Drone  
  19  1:19  Spawning Pool  
  19  1:23  Drone  
  19  1:42  Extractor  
  19  1:44  Drone x2  
  20  2:08  Queen  
  22  2:09  Queen  
  22  2:11  Zergling x2  
  22  2:13  Drone x3  
  28  2:21  Overlord  
  28  2:37  Overlord x2  
  28  2:49  Lair  
  28  3:07  Drone x5  
  28  3:08  Drone  
  34  3:20  Drone  
  34  3:21  Drone x5  
  40  3:28  Evolution Chamber  
  40  3:30  Roach Warren, Drone  
  40  3:33  Evolution Chamber  
  38  3:46  Pneumatized Carapace  
  38  3:56  Zerg Missile Weapons Level 1  
  38  4:00  Drone x10  
  48  4:03  Extractor  
  48  4:04  Extractor  
  46  4:11  Overlord x2  
  46  4:37  Glial Reconstitution  
  46  4:45  Hatchery  
  45  4:57  Drone  
  45  4:58  Drone x8  
  54  5:27  Spore Crawler  
  53  5:29  Spore Crawler x2  
  53  5:32  Spore Crawler  
  53  5:33  Spore Crawler  
  53  5:34  Queen x2  
  53  5:35  Spore Crawler  
  52  5:40  Overlord x4  
  52  5:42  Hydralisk Den  
  51  5:44  Drone  
  52  5:56  Zerg Missile Weapons Level 2  
  52  5:57  Zerg Ground Armor Level 1  
  52  6:02  Drone x3  
  55  6:06  Drone x4  
  55  6:09  Queen  
  61  6:20  Queen  
  61  6:22  Spore Crawler  
  61  6:23  Spore Crawler  
  61  6:26  Spore Crawler  
  61  6:27  Drone  
  61  6:28  Drone x9  
  70  6:36  Grooved Spines  
  70  6:37  Hydralisk  
  72  6:40  Hydralisk x5  
  82  7:00  Hydralisk x4, Extractor  
  89  7:01  Extractor  
  89  7:07  Extractor  
  87  7:14  Infestation Pit  
  86  7:39  Drone x3  
  86  7:42  Overlord x10  
  89  7:47  Muscular Augments  
  89  7:52  Zerg Ground Armor Level 2  
  89  7:56  Hive  
  89  8:02  Hydralisk  
  89  8:04  Spire  
  90  8:19  Hatchery  
  89  8:29  Hydralisk  
  89  8:30  Hydralisk x8  
  107  8:39  Hydralisk x3  
  113  8:47  Zergling x22  
  124  9:18  Corruptor  
  124  9:19  Corruptor x5  
  136  9:34  Drone x2  
  136  9:35  Drone x10  
  148  10:00  Overlord x3  
  148  10:01  Overlord x7  
  148  10:14  Zerg Ground Armor Level 3, Zerg Missile Weapons Level 3  
  148  10:19  Corruptor  
  148  10:20  Corruptor x3  
  156  10:22  Zergling x2  
  156  10:23  Zergling x12  
  156  10:28  Extractor  
  162  10:30  Extractor  
  161  10:41  Zerg Flyer Armor Level 1  
  161  11:03  Drone x12  
  161  11:04  Drone x2  
  165  11:22  Baneling Nest, Metabolic Boost  
  164  11:33  Ultralisk Cavern  
  154  11:57  Roach Warren  
  153  12:07  Zergling x6  
  153  12:08  Zergling x52  
  160  12:09  Zergling x10  
  148  12:17  Zergling x8  
  146  12:28  Baneling x20  
  146  12:29  Baneling x27  
  137  12:30  Baneling x5  
  137  12:31  Hydralisk  
  137  12:32  Hydralisk x5  
  145  12:41  Adrenal Glands  
  145  12:42  Centrifical Hooks  
  145  13:09  Hydralisk x5  
  145  13:10  Hydralisk x3  
  137  13:33  Hatchery  
  136  13:43  Zerg Melee Weapons Level 1  
  136  13:47  Chitinous Plating  
  136  13:49  Ultralisk  
  136  13:50  Ultralisk x2  
  154  14:04  Queen  
  156  14:19  Hatchery  
  155  14:48  Zerg Flyer Armor Level 2  
  155  14:54  Extractor  
  155  14:56  Extractor  
  153  15:06  Anabolic Synthesis  
  140  15:25  Drone  
  140  15:26  Drone x17  
  156  15:48  Zerg Melee Weapons Level 2  
  156  16:13  Zergling x2  
  156  16:14  Zergling x28  
  171  16:28  Zergling x2  
  171  16:29  Zergling x16  
  180  16:44  Baneling  
  180  16:45  Baneling x24  
  180  16:46  Baneling x5  
  180  16:48  Zergling x22  
  191  17:02  Zergling x2  
  191  17:03  Zergling x10  
  191  17:07  Zerg Flyer Armor Level 3  
  185  17:37  Zergling x4  
  185  17:38  Zergling x24  
  129  18:31  Zergling x6  
  129  18:32  Zergling x22  
  129  18:33  Ultralisk x9  
  154  19:16  Zergling x4  
  154  19:17  Zergling x50  
  157  19:18  Zergling x4  
  165  19:38  Hydralisk x7  
  177  20:02  Hatchery  
  177  20:06  Extractor  
  175  20:10  Extractor  
  175  20:13  Zergling x6  
  175  20:14  Zergling x38  
  191  20:17  Extractor  
  191  20:21  Extractor  
  194  20:26  Lair  
  194  20:40  Hydralisk x3  
  200  21:00  Overseer x4  
  200  21:01  Overseer x2  
  200  21:20  Baneling  
  200  21:21  Baneling x13  
  200  21:22  Baneling x6  
  200  21:23  Baneling x5  
  200  21:24  Baneling x12  
  196  22:19  Hatchery  
  196  22:20  Zergling x6  
  196  22:21  Zergling x30  
Show
View Real Time Build Order
Export as new Build Order

YERICOS Terran 

Build Orders:  

Get SALT Encoding   

  12  0:02  SCV  
  14  0:14  SCV  
  14  0:25  Supply Depot  
  14  0:26  SCV  
  15  0:47  SCV  
  15  0:48  Barracks  
  16  0:52  Refinery  
  16  0:59  SCV  
  17  1:13  SCV  
  18  1:29  SCV  
  19  1:38  Supply Depot  
  19  1:40  Marine  
  19  1:41  SCV  
  21  1:52  Refinery  
  21  1:59  Command Center  
  21  2:09  Orbital Command  
  21  2:27  Factory  
  21  2:39  SCV  
  23  2:51  SCV  
  23  2:58  Supply Depot  
  23  3:03  SCV  
  24  3:13  Orbital Command  
  24  3:15  SCV  
  24  3:18  Factory Tech Lab  
  25  3:21  Starport  
  25  3:22  Marine  
  26  3:27  SCV  
  26  3:34  Orbital Command  
  27  3:39  SCV  
  28  3:43  Marine  
  29  3:51  SCV  
  30  4:01  Marine  
  31  4:04  SCV, Fusion Core  
  31  4:05  SCV  
  33  4:12  Factory Tech Lab  
  33  4:16  SCV  
  33  4:17  SCV, Starport  
  35  4:19  Marine  
  36  4:28  SCV  
  36  4:29  SCV  
  36  4:30  Supply Depot  
  38  4:31  Supply Depot  
  38  4:32  Siege Tank  
  38  4:36  Supply Depot  
  38  4:37  Marine, Supply Depot  
  42  4:40  SCV  
  42  4:41  SCV  
  44  4:47  Supply Depot  
  44  4:48  Supply Depot  
  44  4:52  SCV  
  45  4:53  SCV  
  46  5:08  SCV x2  
  46  5:14  Refinery  
  48  5:16  Refinery  
  48  5:20  SCV x2  
  50  5:26  Starport Tech Lab  
  50  5:32  SCV x2  
  50  5:34  Engineering Bay  
  52  5:44  SCV x2  
  54  5:52  Command Center  
  54  5:54  Battlecruiser  
  54  5:56  SCV x2  
  62  6:04  Battlecruiser  
  68  6:08  SCV x2  
  68  6:10  Missile Turret  
  70  6:13  Marine  
  70  6:14  Missile Turret  
  71  6:21  Barracks  
  71  6:26  Barracks  
  71  6:30  Barracks  
  71  6:31  Marine  
  72  6:33  Barracks  
  72  6:34  Siege Tank  
  72  6:35  SCV  
  72  6:36  SCV  
  77  6:46  Supply Depot  
  77  6:47  SCV  
  77  6:48  SCV  
  77  6:49  Marine  
  77  6:50  Supply Depot  
  77  6:53  Supply Depot  
  80  7:03  Battlecruiser  
  86  7:14  Battlecruiser  
  92  7:26  Planetary Fortress  
  92  7:33  Marine x2  
  92  7:34  Marine x3  
  97  7:51  Marine x4, Terran Infantry Weapons Level 1  
  97  7:52  Marine  
  97  7:57  Engineering Bay  
  102  7:59  Supply Depot  
  102  8:00  Supply Depot  
  102  8:07  Siege Tank  
  102  8:09  Marine x5  
  110  8:17  Refinery  
  110  8:18  Refinery  
  110  8:24  Armory  
  110  8:27  Marine x5  
  110  8:33  Viking x2  
  119  8:44  Marine  
  119  8:45  Marine x4  
  124  9:02  Marine x2  
  124  9:03  Marine x3, Viking  
  131  9:16  Terran Infantry Armor Level 1  
  131  9:20  Marine x3, Supply Depot  
  131  9:21  Marine x2, Armory  
  131  9:23  Terran Ship Weapons Level 1  
  136  9:25  Supply Depot  
  136  9:32  Thor  
  142  9:38  Marine x2  
  142  9:41  Medivac x2  
  142  9:45  Barracks Tech Lab  
  150  9:46  Barracks Reactor  
  150  9:48  Barracks Reactor  
  148  9:56  Marine x2  
  150  10:00  Command Center  
  150  10:04  Terran Infantry Weapons Level 2  
  150  10:10  Terran Vehicle And Ship Armor Level 1, Supply Depot  
  150  10:14  Marine x2  
  150  10:17  Marine  
  153  10:32  Marine x2  
  153  10:33  Marine x4  
  159  10:35  Marine  
  160  10:47  Supply Depot  
  160  10:48  Starport  
  160  10:49  Marine x2  
  160  10:50  Supply Depot  
  160  10:51  Marine x4, Starport  
  160  10:53  Marine  
  160  10:54  Viking x2  
  171  11:07  Marine x2  
  171  11:09  Marine x4  
  171  11:10  Supply Depot  
  171  11:11  Marine  
  176  11:24  Viking x2  
  176  11:25  Marine x2  
  181  11:26  Marine x2  
  181  11:28  Marine  
  181  11:29  Marine x2  
  175  11:43  Marine x2  
  175  11:44  Marine x2  
  175  11:46  Marine x2  
  175  11:47  Marine  
  169  11:49  Stimpack  
  169  11:50  Starport Reactor x2  
  170  11:54  Viking  
  170  11:56  Planetary Fortress  
  170  12:01  Marine x2  
  173  12:02  Marine x2  
  173  12:04  Marine x3  
  130  12:18  Marine  
  130  12:19  Marine  
  130  12:20  Marine x2  
  130  12:22  Marine x3  
  136  12:26  Viking x2  
  140  12:36  Marine x2  
  142  12:38  Marine x2  
  142  12:40  Marine x2  
  146  12:46  Marine  
  146  12:49  Thor  
  153  12:54  Marine x2  
  153  12:56  SCV, Viking x2  
  160  13:08  SCV  
  154  13:20  SCV  
  154  13:25  Marine  
  154  13:26  Marine x6, Viking x2  
  131  13:32  SCV, Thor  
  138  13:43  Marine x2  
  140  13:48  Refinery  
  140  13:50  Refinery  
  140  13:53  Marine x2  
  142  13:56  Factory, Viking x2  
  142  13:57  Factory  
  142  13:58  Factory  
  146  14:08  Marine x5  
  151  14:11  Marine x2  
  151  14:14  Thor  
  151  14:16  Terran Infantry Weapons Level 3  
  159  14:17  Terran Infantry Armor Level 2  
  159  14:22  Terran Vehicle Weapons Level 1  
  159  14:25  Viking  
  159  14:26  Marine x5  
  159  14:28  Marine  
  159  14:29  Marine  
  168  14:43  Marine  
  168  14:44  Marine x4  
  173  14:46  Marine x2, Factory Tech Lab x2  
  173  14:47  Factory Tech Lab  
  175  14:53  Supply Depot  
  175  14:55  Supply Depot  
  175  14:56  Supply Depot  
  175  14:58  Siege Tank  
  178  15:01  Marine x3  
  178  15:02  Marine x2  
  178  15:04  Marine  
  184  15:16  Supply Depot  
  184  15:19  Supply Depot  
  176  15:30  Siege Tank  
  176  15:33  Siege Tank x3  
  186  15:41  Marine x2  
  186  15:42  Marine x5, Ghost Academy  
  181  15:56  Terran Vehicle And Ship Armor Level 2  
  181  15:59  Marine  
  181  16:02  Siege Tank  
  185  16:04  Marine x3  
  185  16:05  Marine x3, Siege Tank x3  
  156  18:07  Marine x4  
  105  18:31  Marine x3  
  105  18:32  Marine  
  109  18:39  Thor  
  109  18:40  Thor  
  107  18:51  Marine x4  
  107  19:09  Marine x3  
  76  19:17  Barracks  
  76  19:18  Barracks  
  76  19:19  Barracks  
  76  19:22  Barracks, Thor x2  
  85  19:34  Marine x2  
  85  19:35  Marine x2  
  89  19:40  Starport Tech Lab x2  
  89  19:52  Marine x3, Factory Tech Lab  
  90  19:53  Marine  
  93  20:05  Thor x2  
  105  20:08  Marine x3  
  105  20:09  Marine, Command Center  
  105  20:10  Marine x4  
  113  20:22  Medivac x2  
  113  20:26  Marine x3  
  113  20:27  Marine  
  113  20:28  Marine x4  
  125  20:44  Marine x4  
  125  20:46  Marine x4  
  133  20:52  Medivac x2  
  137  21:02  Marine x2  
  137  21:03  Marine x2  
  137  21:04  Marine x2  
  143  21:09  Barracks Tech Lab  
  143  21:19  Barracks Tech Lab  
  143  21:20  Marine x2  
  143  21:21  Marine x2  
  143  21:22  Marine x2, Medivac x2  
  153  21:33  Orbital Command  
  153  21:37  Marine  
  154  21:48  Siege Tank x2  
  154  21:49  Siege Tank  
  154  21:52  Medivac  
  154  21:53  Marine x4  
  169  22:00  SCV  
  169  22:01  SCV  
  158  22:13  SCV x2  
  103  22:25  SCV x2  
Tags
 
League
Platinum
Matchup
TvZ
Replay Pack
10.7.19
Spawn Locations
Cross Positions
Add a new tag
Caveats
  • Supply blocks, unpowered buildings, or Contaminate may cause inaccurate times.
  • Supply counts are checked every 10 seconds.